 Dungeon Crawl Stone Soup version 0.30-a0-325-gb515db48ae (console) character file.

Game seed: 1871558731593940709

12 Ignak the Trooper (level 2, -2/29 HPs)
             Began as an Ogre Warper on Oct 28, 2022.
             Slain by an adder (3 damage)
             ... on level 1 of the Dungeon.
             The game lasted 00:01:07 (860 turns).

Ignak the Trooper (Ogre Warper)                      Turns: 860, Time: 00:01:08

Health: -2/29      AC:  3    Str: 14    XL:     2   Next: 33%
Magic:  3/5        EV:  9    Int: 14    God:
Gold:   40         SH:  0    Dex:  8    Spells: 4/6 levels left

rFire   . . .      SeeInvis .    a - +0 mace
rCold   . . .      Faith    .    (no shield)
rNeg    . . .      Spirit   .    b - +0 robe
rPois   .          Reflect  .    (helmet restricted)
rElec   .          Harm     .    (no cloak)
rCorr   .          Rampage  .    (gloves unavailable)
Will    .....                    (boots unavailable)
Stlth   +.........               (no amulet)
HPRegen 0.24/turn                (no ring)
MPRegen 0.09/turn                (no ring)

@: lethally poisoned (-2 -> -6)
A: large, unfitting armour, tough skin 1
a: no special abilities


You were on level 1 of the Dungeon.
You visited 1 branch of the dungeon, and saw 2 of its levels.

You collected 40 gold pieces.

Inventory:

Hand Weapons
 a - a +0 mace (weapon)
Missiles
 d - 6 boomerangs of dispersal (quivered)
Armour
 b - a +0 robe (worn)
Scrolls
 c - 2 scrolls of blinking
 e - 2 scrolls of teleportation {unknown}
 f - 5 scrolls of identify {unknown}
 h - a scroll of immolation {unknown}
 i - a scroll of summoning {unknown}
Potions
 g - a potion of curing {unknown}


   Skills:
 * Level 2.9 Fighting
 * Level 1.9 Maces & Flails
 + Level 1.3 Throwing
 + Level 2.2 Dodging
 + Level 0.1 Unarmed Combat
 + Level 2.5 Spellcasting
 + Level 2.7 Translocations


You had 4 spell levels left.
You knew the following spells:

 Your Spells              Type           Power      Damage    Failure   Level
b - Blink                 Tloc           18%        N/A       11%         2

Your spell library contained the following spells:

 Spells                   Type           Power      Damage    Failure   Level
 Apportation              Tloc           18%        N/A       7%          1
 Kiss of Death            Conj/Necr      4%         2d5       22%         1
 Necrotise                Necr           4%         1d4       22%         1
 Summon Small Mammal      Summ           4%         N/A       22%         1
 Lesser Beckoning         Tloc           18%        N/A       22%         3
 Teleport Other           Tloc           9%         N/A       22%         3
 Vhi's Electric Charge    Tloc/Air       10%        N/A       36%         3
 Confusing Touch          Hex            1%         N/A       56%         3
 Manifold Assault         Tloc           9%         N/A       56%         4
 Dispel Undead            Necr           1%         3d6       92%         4


Dungeon Overview and Level Annotations

Branches:
Dungeon (2/15)

Altars:


Innate Abilities, Weirdness & Mutations

You are too large for most types of armour.
You have tough skin. (AC +1)


Message History

You closely miss the hobgoblin.
The hobgoblin is almost dead.
You feel sick. The adder closely misses you. The hobgoblin hits you.
The adder bites you.
You are too injured to fight recklessly!
You are too injured to fight recklessly!
You are too injured to fight recklessly!
You are too injured to fight recklessly!
You are too injured to fight recklessly!
You are too injured to fight recklessly!
Casting: Blink (safe; 11% risk of failure)
Confirm with . or Enter, or press ? or * to list all spells.
You blink.
You feel sick.
Throw: 7 boomerangs (disperse)
Press: ? - help, Q - select action, (/) - cycle Shift-Dir - straight line, f - adder
Aim: an adder (32% to hit)
You throw a boomerang of dispersal.
The boomerang of dispersal misses the adder.
You feel sick. The hobgoblin barely misses you.
The adder bites you but does no damage.
The hobgoblin hits you but does no damage.
You hit the hobgoblin.
You kill the hobgoblin!
You feel sick.
You are no longer poisoned.
The adder bites you but does no damage. The adder bites you.
* * * LOW HITPOINT WARNING * * *
Unknown command.
You miss the adder. The adder barely misses you.
You miss the adder.
You feel stable enough to blink again. The adder bites you.
* * * LOW HITPOINT WARNING * * *
You are lethally poisoned!
The adder poisons you! The adder bites you.
* * * LOW HITPOINT WARNING * * *
You closely miss the adder.
* * * LOW HITPOINT WARNING * * *
You feel sick. The adder bites you.
You die...

#.# #.# #.# #.#
########## #.# ##
#........# #.# #.
#........# #.# #.
#........# #.# #.
#.....@S.# #.# #.
#.....†..####.########.
#......................
#.......>...........##.
##########.##.##.......
#.##.##.......
#.##.##.......
#.##.##.......
#.##.#####....


You could see an adder.

Vanquished Creatures
  2 endoplasms
  A goblin (D:1)
  3 hobgoblins (D:1)
  2 bats (D:1)
  A frilled lizard (D:1)
  A kobold (D:1)
  A rat (D:1)
11 creatures vanquished.

Vanquished Creatures (others)
  2 plants (D:1)
2 creatures vanquished.

Grand Total: 13 creatures vanquished

Notes
Turn   | Place    | Note
-------+----------+-------------------------------------------
     0 | D:1      | Ignak the Ogre Warper began the quest for the Orb.
     0 | D:1      | Reached XP level 1. HP: 22/22 MP: 3/3
   290 | D:1      | Found a faded altar of an unknown god.
   401 | D:1      | Reached XP level 2. HP: 29/29 MP: 5/5
   412 | D:1      | Learned a level 2 spell: Blink
   860 | D:1      | HP: 1/29 [poisoned by an adder]
   860 | D:1      | Slain by an adder

Illustrated notes

Levels and vault maps discovered:
D:1:      psy_arrival_conway, layout_basic, shapermc_ecumenical_altar_gd
D:2:      layout_rooms, serial_shops, nicolae_shop_waterfront,
          minmay_misc_feat_x, minmay_nonomino_d4

Action                   || total
-------------------------++-------
Melee: Mace              ||    43
Throw: Boomerang         ||     1
 Cast: Blink             ||     1
Armor: Robe              ||    14
Dodge: Dodged            ||    36

Table legend: (Time is in decaauts)
 A = Elapsed time spent in this place.
 B = Non-inter-level travel time spent in this place.
 C = Inter-level travel time spent in this place.
 D = Time resting spent in this place.
 E = Time spent auto-exploring this place.
 F = Levels seen in this place.
 G = Mean time per level.
                   A        B        C        D        E       F      G
               +--------+--------+--------+--------+--------+-----+--------+
         Total |    878 |    829 |     49 |      0 |    663 |   2 |  439.0 |
       Dungeon |    878 |    829 |     49 |      0 |    663 |   2 |  439.0 |
               +--------+--------+--------+--------+--------+-----+--------+

Top non-repeatable levels by time:
     D:1: 869 daAuts
     D:2: 9 daAuts
